 Dungeon Crawl Stone Soup version 0.18.1-50-g88ac8fd (webtiles) character file.

61 Drunkenshrew the Skirmisher (level 3, -2/31 HPs)
             Began as a Draconian Skald on Sept 22, 2016.
             Slain by a gnoll
             ... wielding a +0 flail of protection
              (10 damage)
             ... on level 2 of the Dungeon.
             The game lasted 00:06:25 (958 turns).

Drunkenshrew the Skirmisher (Draconian Skald)        Turns: 958, Time: 00:06:25

Health: -2/31      AC:  5    Str: 15    XL:     3   Next: 83%
Magic:  0/6        EV: 12    Int: 12    God:
Gold:   61         SH:  0    Dex: 10    Spells: 2 memorised, 2 levels left

rFire  . . .     SeeInvis .     i - +2 dagger (speed)
rCold  . . .     Gourm    .     (armour unavailable)
rNeg   . . .     Faith    .     (no shield)
rPois  .         Spirit   .     (helmet restricted)
rElec  .         Dismiss  .     (no cloak)
rCorr  .         Reflect  .     (no gloves)
SustAt .         Harm     .     (no boots)
MR     .....                    (no amulet)
Stlth  +.........               (no ring)
                                e - ring of wizardry

@: infused, not resistant to hostile enchantments, very unstealthy
A: unfitting armour, cold-blooded, AC +5
a: no special abilities


You were on level 2 of the Dungeon.
You were full.

You visited 1 branch of the dungeon, and saw 2 of its levels.

You collected 61 gold pieces.

Inventory:

Hand Weapons
 i - a +2 dagger of speed (weapon)
Jewellery
 e - a ring of wizardry (left hand)
Scrolls
 d - a scroll of noise {unknown}
 g - a scroll of immolation {unknown}
 h - a scroll of remove curse {unknown}
 j - a scroll of identify {unknown}
 k - a scroll of blinking {unknown}
Potions
 c - a potion of resistance {unknown}
Books
 a - a book of Battle

   Spells                             Type                      Level
   a - Infusion                       Charms                       1
   b - Shroud of Golubria             Charms/Translocation         2
   c - Song of Slaying                Charms                       2
   d - Spectral Weapon                Hexes/Charms                 3
   e - Regeneration                   Charms/Necromancy            3
Comestibles
 b - 4 bread rations
 f - a meat ration


   Skills:
 + Level 3.2 Fighting
 - Level 2.0 Dodging
 - Level 1.0 Stealth
 - Level 2.3 Unarmed Combat
 + Level 2.2 Spellcasting
 + Level 2.8 Charms
 + Level 0.4 Necromancy


You had 2 spell levels left.
You knew the following spells:

 Your Spells              Type           Power        Failure   Level  Hunger
a - Infusion              Chrm           #...         4%          1    ##.....
b - Regeneration          Chrm/Necr      #.........   19%         3    ####...


Dungeon Overview and Level Annotations

Branches:
Dungeon (2/15)

Altars:


Innate Abilities, Weirdness & Mutations

Your plain brown scales are hard (AC +5).
Your body does not fit into most forms of armour.
You are cold-blooded and may be slowed by cold attacks.


Message History

The gnoll is severely wounded.
You barely miss the gnoll.
The gnoll is severely wounded.
The gnoll hits you with a club!
You hit the gnoll.
You kill the gnoll!
Your magical infusion is running out.
Drink which item? (? for menu, Esc to quit)
Okay, then.
You closely miss the gnoll.
Your tail-slap misses the gnoll.
The gnoll completely misses you.
You barely miss the gnoll.
Casting: Infusion
Confirm with . or Enter, or press ? or * to list all spells.
You extend your infusion's duration.
The gnoll hits you with a flail of protection!
* * * LOW HITPOINT WARNING * * *
You hit the gnoll but do no damage. You punch the gnoll, but do no damage.
The gnoll hits you with a flail of protection!
You die...

#....# #....# ♣ #.÷..######♣♣♣ .
#............# . #............#
#. #............# ..
#............# ..
........<....##################..
#>..............@g............'..
..######......#################..
PP..## #......# .. ♣♣...#
#......# gg ♣♣.♣P# #......# ..
♣....###......# g.
♣♣............# .g
.###.#####+#..... .. .###.#
...#..


You could see a gnoll.

Vanquished Creatures
  3 gnolls
  3 giant geckos
  A giant cockroach (D:1)
  2 goblins
  4 hobgoblins (D:1)
  5 jackals (D:1)
  4 bats (D:1)
  4 giant newts (D:1)
  A kobold (D:1)
  4 rats (D:1)
31 creatures vanquished.

Notes
Turn   | Place    | Note
--------------------------------------------------------------
     0 | D:1      | Drunkenshrew the Draconian Skald began the quest for the Orb.
     0 | D:1      | Reached XP level 1. HP: 17/17 MP: 3/3
    24 | D:1      | Reached XP level 2. HP: 20/25 MP: 0/5
   200 | D:1      | Reached skill level 3 in Fighting
   372 | D:1      | Reached XP level 3. HP: 21/31 MP: 2/6
   389 | D:1      | Reached skill level 1 in Stealth
   861 | D:2      | Learned a level 3 spell: Regeneration
   958 | D:2      | Slain by a gnoll

Skill      XL: |  1  2  3 |
---------------+----------+-----
Fighting       | 3 |  3.2
Stealth        | 1 |  1.0
Dodging        | 2 |  2.0
Unarmed Combat | |  2.3
Spellcasting   | |  2.2
Charms         | |  2.8
Necromancy     | |  0.4

Action                   || total
-------------------------++-------
Melee: Unarmed           ||   138
       Tailslap          ||    12
       Dagger            ||    17
       Punch             ||     1
 Cast: Infusion          ||    11
  Eat: Meat ration       ||     1
Armor: Skin              ||    62
Dodge: Dodged            ||   116
